 Dungeon Crawl Stone Soup version 0.26.0-10-g1f06aea511 (webtiles) character file.

Game seed: 12489515400407073178

12009 Dracia the Spear-Bearer (level 11, -1/72 HPs)
             Began as a Merfolk Gladiator on Jan 23, 2021.
             Was a Priest of Makhleb.
             Slain by a catoblepas (2 damage)
             ... while petrified by a catoblepas
             ... on level 11 of the Dungeon.
             The game lasted 00:20:35 (12872 turns).

Dracia the Spear-Bearer (Merfolk Gladiator)        Turns: 12872, Time: 00:20:36

Health: -1/72      AC: 13    Str: 14    XL:     11   Next: 86%
Magic:  18/18      EV:  2    Int: 11    God:    Makhleb [***...]
Gold:   347        SH:  0    Dex: 16    Spells: 4/10 levels left

rFire    + . .     SeeInvis +   a - +2 trident (spect)
rCold    + . .     Faith    .   (no shield)
rNeg     + + +     Spirit   .   D - +3 leather armour {rPois}
rPois    ∞         Reflect  .   c - +2 helmet
rElec    .         Harm     .   o - scarf {rC+ rF+}
rCorr    .         Rampage  .   h - +0 pair of gloves
Will     .....                  M - +2 pair of boots {Stlth+}
Stlth    ++........             p - amulet of magic regeneration
HPRegen  0.22/turn              Z - ring of wizardry
MPRegen  0.41/turn              v - ring of see invisible

@: petrified
A: change form in water, swift swim, stealthy swim
a: Renounce Religion, Minor Destruction, Lesser Servant of Makhleb


You were on level 11 of the Dungeon.
You worshipped Makhleb.
Makhleb was most pleased with you.
You visited 2 branches of the dungeon, and saw 12 of its levels.
You also visited: Ossuary.

You collected 732 gold pieces.
You spent 385 gold pieces at shops.


   Skills:
 - Level 2.1 Fighting
 - Level 14.0 Polearms
 - Level 2.0 Throwing
 - Level 14.0 Dodging
 + Level 10.2 Invocations
 + Level 6.6 Evocations


You had 4 spell levels left.
You knew the following spells:

 Your Spells              Type           Power        Failure   Level
o - Ozocubu's Armour      Ice            0%           45%         3
r - Frozen Ramparts       Ice            0%           45%         3

Your spell library contained the following spells:

 Spells                   Type           Power        Failure   Level
 Freeze                   Ice            0%           17%         1
 Magic Dart               Conj           0%           17%         1
 Searing Ray              Conj           0%           26%         2
 Dazzling Flash           Conj/Hex       0%           45%         3
 Animate Dead             Necr           0%           85%         4
 Fulminant Prism          Conj/Hex       0%           85%         4
 Hailstorm                Conj/Ice       0%           85%         4
 Iskenderun's Mystic Bla  Conj/Tloc      0%           85%         4
 Summon Ice Beast         Ice/Summ       0%           85%         4
 Bolt of Magma            Conj/Fire/Erth 0%           99%         5
 Borgnjor's Vile Clutch   Necr/Erth      0%           99%         5
 Iskenderun's Battlesphe  Conj           0%           99%         5
 Death Channel            Necr           0%           100%        6
 Iron Shot                Conj/Erth      0%           100%        6
 Simulacrum               Ice/Necr       0%           100%        6
 Orb of Destruction       Conj           0%           100%        7
 Spellforged Servitor     Conj/Summ      0%           100%        7

Inventory:

Hand Weapons
 a - a +2 spectral trident (weapon)
Missiles
 d - 4 throwing nets {=f=f}
 l - 43 poisoned darts
 q - 5 atropa-tipped darts
Armour
 b - a cursed +0 kite shield
 c - a +2 helmet (worn)
 h - a +0 pair of gloves (worn)
 k - a +0 pair of boots
 o - a scarf of resistance (worn)
 D - a +3 leather armour of poison resistance (worn)
 M - a +2 pair of boots of stealth (worn)
Magical Staves
 E - an uncursed staff of cold {!a!a, unknown}
 L - an uncursed staff of air {!a!a, unknown}
 N - an uncursed staff of conjuration {!a!a, unknown}
Jewellery
 p - an amulet of magic regeneration (around neck)
 v - a ring of see invisible (right hand)
 R - an uncursed ring of resist corrosion
 Z - a ring of wizardry (left hand)
Wands
 n - a wand of digging (2)
 A - a wand of acid (6)
 B - a wand of iceblast (4)
 F - a wand of flame (30)
 H - a wand of random effects (32)
 I - a wand of polymorph (10)
Scrolls
 f - 4 scrolls of remove curse {@r2@r2}
 j - 4 scrolls of teleportation {@r4@r4}
 s - 2 scrolls of fog
 w - 6 scrolls of identify {@r1@r1}
 x - 2 scrolls of magic mapping
 y - a scroll of amnesia
 G - 3 scrolls of fear
 P - a scroll of enchant weapon
Potions
 e - 8 potions of curing {@q1@q1}
 g - a potion of brilliance
 i - 2 potions of magic
 m - 2 potions of might
 r - 3 potions of haste {@q3@q3}
 t - 2 potions of cancellation
 u - 2 potions of resistance
 z - 2 potions of invisibility
 C - 2 potions of flight
 J - a potion of ambrosia
 K - 3 potions of heal wounds {@q2@q2}
 O - a potion of mutation {unknown}

Dungeon Overview and Level Annotations

Branches:
Dungeon (11/15)            Temple (1/1) D:6            Lair (0/6) D:9
    Orc (0/2) D:11        Ossuary (visited)

Altars:
Ashenzari
Cheibriados
Elyvilon
Fedhas
Kikubaaqudgha
Makhleb
Nemelex Xobeh
Okawaru
Ru
Trog
Uskayaw
Vehumet
Wu Jian
Zin
The Shining One

Shops:
D:6 *   D:7 [(!( D:11

* ......### #.# ......≈≈# ####
#.# ..≈≈≈≈≈## ##..## #.#
..≈##### #....#########.# ..##
..###...)#.........# ..#
C.'.o../†((######..# ####
Y.###Co.(### #..# #≈#####
#8#uYgZ# #..# #≈≈≈≈≈##
##≈##@{### #..#
######≈≈####≈≈≈####≈#######..#
.............................#
.............................#
.............................#
......)......................#
.............................#
.............................#
.............................#


You could see a catoblepas, an orc knight, a cyan ugly thing, a cyclops, a gnoll
(petrified), an orc (strong), a water moccasin skeleton and a friendly +2
spectral trident (summoned).


Message History

The water moccasin skeleton bites you but does no damage.
The catoblepas gores you! The catoblepas gores you!!
* * * LOW HITPOINT WARNING * * *
You hear a shout!
The cyclops is no longer petrified.
The orc knight is no longer petrified.
The cyan ugly thing punches you!
* * * LOW HITPOINT WARNING * * *
The cyan ugly thing shocks you!
* * * LOW HITPOINT WARNING * * *
The catoblepas breathes a plume of calcifying dust at you.
The blast of calcifying dust hits you but does no damage.
You are engulfed in calcifying dust.
The cyan ugly thing punches you!
* * * LOW HITPOINT WARNING * * *
The cyan ugly thing shocks you!
* * * LOW HITPOINT WARNING * * *
The catoblepas gores you!!
* * * LOW HITPOINT WARNING * * *
You are engulfed in calcifying dust.
The water moccasin skeleton closely misses your spectral weapon.
The cyan ugly thing punches you but does no damage.
The catoblepas gores you.
* * * LOW HITPOINT WARNING * * *
You are engulfed in calcifying dust.
The water moccasin skeleton bites your spectral weapon.
Your spectral weapon shares its damage with you!
The orc knight roars a battlecry!
The cyan ugly thing punches you but does no damage.
The catoblepas gores you.
You die...

Skill      XL: |  1  2  3  4  5  6  7  8  9 10 11 |
---------------+----------------------------------+-----
Polearms       | 5 6 7 8 10 11 13 14 | 14.0
Dodging        | 7 12 14 | 14.0
Invocations    | 5 7 10 | 10.2
Evocations     | 2 6 |  6.6
Fighting       | |  2.1
Throwing       | |  2.0

Action                   |  1- 3 |  4- 6 |  7- 9 | 10-12 || total
-------------------------+-------+-------+-------+-------++-------
Melee: Trident           |   147 |   120 |   579 |   577 ||  1423
Throw: Dart              |       |       |     5 |     3 ||     8
       Throwing net      |       |       |     2 |       ||     2
Invok: Minor Destruction |       |       |       |    12 ||    12
  Use: Scroll            |     5 |     3 |    15 |     3 ||    26
       Potion            |       |     8 |       |     2 ||    10
 Stab: Held in net/web   |       |       |     1 |       ||     1
       Distracted        |       |       |       |     5 ||     5
       Petrified         |       |       |       |     5 ||     5
       Sleeping          |       |       |       |     4 ||     4
       Petrifying        |       |       |       |     1 ||     1
Armor: Leather armour    |    34 |       |     6 |    68 ||   108
       Ring mail         |     7 |    35 |    73 |       ||   115
       Skin              |       |    14 |       |       ||    14
Dodge: Dodged            |   111 |    62 |   202 |   445 ||   820

Levels and vault maps discovered:
D:1:      dpeg_arrival_rooms_with_view, layout_basic,
          chequers_serial_rivers_micro_e
D:2:      layout_rooms, uniq_natasha
D:3:      layout_basic, chequers_ecumenical_altar_simple_redux, kennysheep_donut
D:4:      layout_loops_cross, minmay_stone_trees_small, uniq_grinder,
          uniq_menkaure
D:5:      layout_loops_cross, serial_bayou_pond_d
D:6:      layout_cave_pools, minmay_temple_entry_sparse_star, basic_altar,
          serial_shops, shop_statue, nicolae_ossuary_entry_monument
D:7:      layout_basic, serial_shops, nicolae_shop_crystal,
          nicolae_shop_statue_plus, kennysheep_mini, shop, uniq_duvessa
D:8:      layout_loops_ring, nzn_wu_jian_council_hall, uniq_grum
D:9:      layout_irregular_city, erik_lair_dragon, kennysheep_diamond
D:10:     cheibrodos_wizards_tower, layout_basic
D:11:     layout_long_grid, orc_0_dummy, serial_shops, shop, serial_park_tiny_1,
          nrook_loot_triangle, lightli_airlock
Temple:   roderic_octagonal_lattice_temple

Notes
Turn   | Place    | Note
-------+----------+-------------------------------------------
     0 | D:1      | Dracia the Merfolk Gladiator began the quest for the Orb.
     0 | D:1      | Reached XP level 1. HP: 16/16 MP: 1/1
    92 | D:1      | Reached skill level 5 in Polearms
   202 | D:1      | Reached XP level 2. HP: 20/22 MP: 2/2
   859 | D:1      | Reached skill level 6 in Polearms
   859 | D:1      | Reached XP level 3. HP: 21/26 MP: 3/3
  1612 | D:2      | Noticed Natasha
  1620 | D:2      | Killed Natasha
  1621 | D:2      | Reached skill level 7 in Polearms
  1621 | D:2      | Reached XP level 4. HP: 9/33 MP: 4/4
  1626 | D:2      | Noticed Natasha
  1637 | D:2      | Killed Natasha
  1724 | D:2      | Reached skill level 8 in Polearms
  1724 | D:2      | Reached XP level 5. HP: 38/38 MP: 5/5
  1859 | D:2      | Noticed Natasha
  1866 | D:2      | Killed Natasha
  2815 | D:3      | Found a faded altar of an unknown god.
  3049 | D:4      | Reached skill level 9 in Polearms
  3090 | D:4      | Noticed Grinder
  3093 | D:4      | Paralysed by Grinder for 3 turns
  3100 | D:4      | Paralysed by Grinder for 6 turns
  3111 | D:4      | Paralysed by Grinder for 2 turns
  3130 | D:4      | Paralysed by Grinder for 2 turns
  3136 | D:4      | Killed Grinder
  3137 | D:4      | Reached skill level 10 in Polearms
  3137 | D:4      | Reached XP level 6. HP: 20/44 MP: 6/6
  3292 | D:4      | Reached skill level 11 in Polearms
  3292 | D:4      | Reached XP level 7. HP: 31/50 MP: 7/7
  3654 | D:4      | Noticed Menkaure
  3672 | D:4      | Killed Menkaure
  3864 | D:4      | Reached skill level 12 in Polearms
  3987 | D:4      | Identified a scarf of resistance (You found it on level 4
                  | of the Dungeon)
  4011 | D:5      | Entered Level 5 of the Dungeon
  4807 | D:5      | Identified 2 potions of resistance
  5136 | D:6      | Reached skill level 13 in Polearms
  5136 | D:6      | Reached XP level 8. HP: 56/56 MP: 8/8
  5277 | D:6      | Found a sand-covered staircase.
  5300 | D:6      | Learned a level 3 spell: Frozen Ramparts
  5304 | D:6      | Learned a level 3 spell: Ozocubu's Armour
  5305 | Ossuary  | Entered an ossuary
  5325 | Ossuary  | Reached skill level 14 in Polearms
  5348 | Ossuary  | Reached skill level 5 in Dodging
  5429 | Ossuary  | Reached skill level 6 in Dodging
  5566 | Ossuary  | Reached skill level 7 in Dodging
  5741 | D:6      | Reached XP level 9. HP: 46/60 MP: 9/9
  5753 | D:6      | Reached skill level 8 in Dodging
  5905 | D:6      | Found a staircase to the Ecumenical Temple.
  5946 | Temple   | Entered the Ecumenical Temple
  6074 | Temple   | Became a worshipper of Makhleb the Destroyer
  6121 | D:6      | Found Rialenn's General Store.
  6171 | D:6      | Bought a scroll of brand weapon for 280 gold pieces
  6180 | D:6      | Found a glowing silver altar of Zin.
  6299 | D:6      | Reached skill level 9 in Dodging
  6472 | D:7      | Reached skill level 1 in Invocations
  6618 | D:7      | Found Detah's Weapon Emporium.
  6637 | D:7      | Found Pingo's Distillery.
  6763 | D:7      | Found Xesisy's Antique Armour Shop.
  6806 | D:7      | Reached skill level 2 in Invocations
  6827 | D:7      | Bought a dyed leather armour for 105 gold pieces
  6950 | D:7      | Found Imantet's Antique Weapon Shop.
  6956 | D:7      | Reached skill level 10 in Dodging
  7123 | D:7      | Reached * piety under Makhleb
  7139 | D:7      | Reached skill level 3 in Invocations
  7316 | D:7      | Noticed Dowan
  7318 | D:7      | Noticed Duvessa
  7331 | D:7      | Killed Duvessa
  7343 | D:7      | Killed Dowan
  7457 | D:8      | Reached skill level 11 in Dodging
  7582 | D:8      | Reached skill level 4 in Invocations
  7605 | D:8      | Noticed a two-headed ogre
  7670 | D:8      | Killed a two-headed ogre
  7671 | D:8      | Reached skill level 12 in Dodging
  7671 | D:8      | Reached skill level 5 in Invocations
  7671 | D:8      | Reached XP level 10. HP: 12/67 MP: 13/13
  7999 | D:8      | Found an ornate altar of the Wu Jian Council.
  8199 | D:8      | Noticed Grum
  8240 | D:8      | Killed Grum
  8856 | D:8      | Noticed a two-headed ogre
  8884 | D:8      | Killed a two-headed ogre
  8885 | D:8      | Reached skill level 13 in Dodging
  8885 | D:8      | Reached skill level 6 in Invocations
  9708 | D:9      | Reached ** piety under Makhleb
 10017 | D:9      | Reached skill level 14 in Dodging
 10034 | D:9      | Reached skill level 7 in Invocations
 10368 | D:9      | Reached skill level 1 in Evocations
 10639 | D:9      | Reached skill level 2 in Evocations
 10639 | D:9      | Reached XP level 11. HP: 63/72 MP: 16/16
 10786 | D:9      | Reached skill level 8 in Invocations
 10786 | D:9      | Reached skill level 3 in Evocations
 10798 | D:9      | Reached *** piety under Makhleb
 11057 | D:9      | Found a staircase to the Lair.
 11151 | D:10     | Entered Level 10 of the Dungeon
 11309 | D:10     | Noticed a deep elf annihilator
 11309 | D:10     | Noticed an orc sorcerer
 11309 | D:10     | Noticed a wizard
 11321 | D:10     | Killed an orc sorcerer
 11322 | D:10     | Reached skill level 4 in Evocations
 11327 | D:10     | Killed a wizard
 11349 | D:10     | Killed a deep elf annihilator
 11350 | D:10     | Reached skill level 9 in Invocations
 11350 | D:10     | Reached skill level 5 in Evocations
 11990 | D:11     | Found Miuva's General Store.
 12002 | D:11     | Noticed a cyclops
 12016 | D:11     | Killed a cyclops
 12060 | D:11     | Reached skill level 6 in Evocations
 12262 | D:11     | Found a runed translucent door.
 12265 | D:11     | Noticed a catoblepas
 12300 | D:11     | Reached skill level 10 in Invocations
 12603 | D:11     | Found a staircase to the Orcish Mines.
 12822 | D:11     | Noticed a cyan ugly thing
 12822 | D:11     | Noticed an orc knight
 12823 | D:11     | Noticed a cyclops
 12870 | D:11     | HP: 3/72 [catoblepas (9)]
 12871 | D:11     | HP: 1/72 [catoblepas (2)]
 12872 | D:11     | Slain by a catoblepas

Vanquished Creatures
  A deep elf annihilator (D:10)
  2 two-headed ogres (D:8)
  A wizard (D:10)
  An orc sorcerer (D:10)
  A cyclops (D:11)
  A gargoyle (D:11)
  2 komodo dragons (D:9)
  Grinder (D:4)
  2 trolls
  A shadow (D:11)
  2 wyverns (D:9)
  4 yaks (D:11)
  A basilisk (D:9)
  Grum (D:8)
  Menkaure (D:4)
  A steam dragon (D:9)
  Duvessa (D:7)
  An acid dragon (D:11)
  3 ice beasts
  5 orc warriors
  A black bear (D:8)
  A necrophage (D:9)
  4 wolves (D:8)
  2 phantoms
  5 ogres
  8 centaurs
  2 big kobolds (D:9)
  An elf zombie (Ossuary)
  7 bullfrogs
  Dowan (D:7)
  5 scorpions
  8 wights
  3 killer bees (D:9)
  4 howler monkeys
  2 electric eels (D:9)
  6 human zombies (Ossuary)
  An orc priest (D:10)
  6 centaur zombies
  6 hounds
  A gnoll shaman (D:6)
  2 centaur skeletons
  Natasha (thrice) (D:2)
  3 iguanas
  4 orc wizards
  8 worker ants
  3 mummies (Ossuary)
  A hound skeleton (D:4)
  2 worker ant zombies
  3 gnolls
  8 adders
  2 shadow imps (D:5)
  2 white imps
  2 ufetubi
  An adder zombie (D:8)
  2 worms
  2 adder skeletons
  A dart slug (D:3)
  5 leopard geckos
  23 orcs
  8 bats
  5 giant cockroaches
  8 hobgoblins
  13 jackals
  16 kobolds
  5 quokkas
  3 ball pythons
  2 frilled lizards
  5 goblins
  A leopard gecko zombie (D:5)
  2 quokka skeletons (D:7)
  5 rats
257 creatures vanquished.

Vanquished Creatures (others)
  An adder (D:9)
1 creature vanquished.

Grand Total: 258 creatures vanquished

Table legend: (Time is in decaauts)
 A = Elapsed time spent in this place.
 B = Non-inter-level travel time spent in this place.
 C = Inter-level travel time spent in this place.
 D = Time resting spent in this place.
 E = Time spent auto-exploring this place.
 F = Levels seen in this place.
 G = Mean time per level.
                   A        B        C        D        E       F      G
               +--------+--------+--------+--------+--------+-----+--------+
         Total |  12392 |  12113 |    279 |   1622 |   8439 |  13 |  953.2 |
       Dungeon |  11964 |  11713 |    251 |   1622 |   8147 |  11 | 1087.6 |
        Temple |    144 |    116 |     28 |      0 |    114 |   1 |  144.0 |
       Ossuary |    283 |    283 |      0 |      0 |    178 |   1 |  283.0 |
               +--------+--------+--------+--------+--------+-----+--------+

Top non-repeatable levels by time:
     D:8: 2105 daAuts
     D:9: 1437 daAuts
     D:1: 1235 daAuts
     D:5: 1072 daAuts
     D:4: 972 daAuts
     D:7: 926 daAuts
     D:2: 885 daAuts
     D:3: 884 daAuts
    D:11: 842 daAuts
     D:6: 803 daAuts
    D:10: 799 daAuts
 Ossuary: 283 daAuts
  Temple: 144 daAuts

Table legend:
 A = Non-vault XP
 B = Vault XP
 C = Vault XP percentage of total XP
 D = Non-vault monster count
 E = Vault monster count
 F = Vault count percentage of total count
                 A         B        C        D         E       F
            +---------+---------+-------+---------+---------+-------
      Total |   10675 |    6482 |  37.8 |     217 |      40 |  15.6
            +---------+---------+-------+---------+---------+-------
        D:1 |      34 |       4 |  10.5 |      20 |       2 |   9.1
        D:2 |     143 |      36 |  20.1 |      22 |       1 |   4.3
        D:3 |      29 |       0 |   0.0 |      10 |       0 |   0.0
        D:4 |     265 |     470 |  63.9 |      11 |       2 |  15.4
        D:5 |     135 |       0 |   0.0 |      15 |       0 |   0.0
        D:6 |    1002 |       0 |   0.0 |      19 |       0 |   0.0
        D:7 |     972 |     234 |  19.4 |      23 |       2 |   8.0
        D:8 |    2818 |     774 |  21.5 |      21 |       6 |  22.2
        D:9 |    1771 |    1421 |  44.5 |      44 |       6 |  12.0
       D:10 |    1072 |    2434 |  69.4 |      19 |       3 |  13.6
       D:11 |    2434 |     493 |  16.8 |      13 |       3 |  18.8
    Ossuary |       0 |     616 | 100.0 |       0 |      15 | 100.0
            +---------+---------+-------+---------+---------+-------
